 Dungeon Crawl Stone Soup version 0.28.0-49-g6dfe1f597d (webtiles) character file.

Game seed: 11071293935672889507

3143 Zeld the Conjurer (level 9, -18/79 HPs)
             Began as a Green Draconian Conjurer on May 14, 2022.
             Was an Initiate of Ashenzari.
             Demolished by a two-headed ogre
             ... wielding a +0 giant club
              (20 damage)
             ... on level 7 of the Dungeon.
             The game lasted 00:07:54 (8994 turns).

Zeld the Conjurer (Green Draconian Conjurer)        Turns: 8994, Time: 00:07:54

Health: -18/79     AC:  8    Str: 10    XL:     9   Next: 61%
Magic:  0/18       EV: 12    Int: 23    God:    Ashenzari [......]
Gold:   232        SH:  5    Dex:  9    Spells: 9/20 levels left

rFire   . . .      SeeInvis .   d - +2 mace (drain)
rCold   . . .      Faith    .   (no shield)
rNeg    . . .      Spirit   .   (armour unavailable)
rPois   +          Reflect  +   (helmet restricted)
rElec   .          Harm     .   v - +0 cloak
rCorr   .          Rampage  .   (no gloves)
Will    .....                   (no boots)
Stlth   ++........              k - amulet of reflection
HPRegen 0.23/turn               t - ring of wizardry
MPRegen 0.16/turn               (no ring)

@: short of breath
A: breathe noxious fumes, AC +7, unfitting armour, poison resistance,
cold-blooded
a: Breathe Noxious Fumes, Renounce Religion


You were on level 7 of the Dungeon.
You worshipped Ashenzari.
Ashenzari was noncommittal.
You visited 2 branches of the dungeon, and saw 8 of its levels.

You collected 232 gold pieces.

Inventory:

Hand Weapons
 d - a +2 mace of draining (weapon)
Armour
 v - a +0 cloak (worn)
Jewellery
 k - an amulet of reflection (around neck)
 t - a ring of wizardry (left hand)
Scrolls
 b - 8 scrolls of identify {unknown}
 e - a scroll of silence {unknown}
 g - a scroll of immolation {unknown}
 h - 3 scrolls of teleportation {unknown}
 l - a scroll of vulnerability {unknown}
 m - 2 scrolls of summoning {unknown}
 n - a scroll of fog {unknown}
 s - a scroll of enchant weapon {unknown}
 u - a scroll of holy word {unknown}
Potions
 a - a potion of degeneration {unknown}
 c - a potion of resistance {unknown}
 f - 8 potions of curing {unknown}
 i - 2 potions of brilliance {unknown}
 j - a potion of attraction {unknown}
 o - 2 potions of flight {unknown}
 p - a potion of lignification {unknown}
 q - a potion of berserk rage {unknown}
 r - a potion of might {unknown}


   Skills:
 * Level 7.1 Fighting
 + Level 4.4 Dodging
 + Level 4.8 Stealth
 * Level 6.2 Spellcasting
 * Level 7.8 Conjurations
 - Level 2.0 Hexes
 - Level 2.0 Translocations


You had 9 spell levels left.
You knew the following spells:

 Your Spells              Type           Power      Damage    Failure   Level
a - Magic Dart            Conj           100%       1d8       1%          1
b - Searing Ray           Conj           86%        2d7       1%          2
c - Fulminant Prism       Conj/Hex       14%        3d9       4%          4
d - Iskenderun's Mystic   Conj/Tloc      29%        2d7       4%          4

Your spell library contained the following spells:

 Spells                   Type           Power      Damage    Failure   Level
 Dazzling Flash           Conj/Hex       58%        N/A       1%          3
 Portal Projectile        Hex/Tloc       32%        N/A       4%          3
 Call Canine Familiar     Summ           7%         N/A       11%         3
 Leda's Liquefaction      Hex/Erth       5%         N/A       22%         4


Dungeon Overview and Level Annotations

Branches:
Dungeon (7/15)             Temple (1/1) D:6

Altars:
Ashenzari
Cheibriados
Dithmenos
Elyvilon
Fedhas
Gozag
Hepliaklqana
Kikubaaqudgha
Makhleb
Nemelex Xobeh
Okawaru
Qazlal
Ru
Sif Muna
Trog
Uskayaw
Vehumet
Wu Jian
Yredelemnul
Zin
The Shining One

Annotations:
D:5 3 runed translucent doors, osoart's ghost, novice TrTm
D:6 exclusion: oklob plant


Innate Abilities, Weirdness & Mutations

You can breathe blasts of noxious fumes.
Your lurid green scales are hard. (AC +7)
You cannot fit into any form of body armour.
Your system is resistant to poisons. (rPois)
You are cold-blooded and may be slowed by cold attacks.


Message History

There is a stone staircase leading up here.
You see here a +0 giant spiked club.
You have got your breath back.
Aiming: Breathe Noxious Fumes (4% risk of failure)
Press: ? - help, Shift-Dir - straight line, f/p - two-headed ogre
Aim: a two-headed ogre, wielding two +0 giant clubs (lightly wounded, 81% to hit)
You exhale a blast of noxious fumes.
The blast of choking fumes hits the two-headed ogre!
The two-headed ogre is moderately wounded.
The two-headed ogre is engulfed in noxious fumes.
Casting: Searing Ray (safe; 1% risk of failure)
Confirm with . or Enter, or press ? or * to list all spells.
You erupt in a blast of force!
The mystic blast hits the two-headed ogre.
The two-headed ogre is moderately wounded.
The two-headed ogre is engulfed in noxious fumes.
The two-headed ogre appears confused.
Unknown command.
Casting: Iskenderun's Mystic Blast (dangerous; 4% risk of failure)
Confirm with . or Enter, or press ? or * to list all spells.
Aiming: Searing Ray (safe; 1% risk of failure)
Press: ? - help, Shift-Dir - straight line, f/p - two-headed ogre
Aim: a two-headed ogre, wielding two +0 giant clubs (noxious fumes, moderately wounded, confused, 98% to hit)
The searing ray hits the two-headed ogre!
The two-headed ogre is heavily wounded. (Press . to maintain the ray.)
The two-headed ogre is engulfed in noxious fumes.
The two-headed ogre appears confused.
The searing ray misses the two-headed ogre.
The two-headed ogre barely misses you.
The two-headed ogre hits you with a +0 giant club!!
* * * LOW HITPOINT WARNING * * *
The searing ray hits the two-headed ogre!
The two-headed ogre is severely wounded.
Unknown command.
The searing ray hits the two-headed ogre!
The two-headed ogre is severely wounded.
You finish channelling your searing ray.
The two-headed ogre hits you with a +0 giant club!!
You die...

######### #..(....# #.......#
####### #.......# #.....#
........# #....># #.......#
#.....###### #######
#.......###.....@O.°°### #.[....
#.........#.....####...####......
#####...........# ###....#......
#####.#####.....# ####.)......
......# ###..##### ####<..)<.
####### #.......# ###.##...... #
#.......# #...##.#####
############.......###.#.##.#
#.))†)...............O.#....#


You could see a two-headed ogre (confused).

Vanquished Creatures
  Prince Ribbit (D:5)
  Eustachio (D:6)
  Menkaure (D:6)
  A water moccasin (D:5)
  An orc warrior (D:7)
  3 sky beasts
  3 ice beasts
  4 ogres
  A black bear (D:7)
  A centaur (D:6)
  A phantom (D:5)
  A kobold brigand (D:6)
  Blork the orc (D:4)
  A bullfrog (D:7)
  A scorpion (D:5)
  6 killer bees (D:7)
  A bullfrog zombie (D:6)
  2 centaur zombies
  An orc priest (D:7)
  2 hounds (D:6)
  10 jellies (D:6)
  Crazy Yiuf (D:5)
  5 iguanas
  A hound skeleton (D:4)
  Robin (D:2)
  9 adders
  A shadow imp (D:6)
  An ufetubus (D:6)
  3 adder skeletons (D:4)
  3 dart slugs (D:1)
  6 orcs
  17 endoplasms
  2 giant cockroaches (D:1)
  11 goblins
  6 hobgoblins
  7 jackals
  2 quokkas
  9 ball pythons
  8 bats
  2 frilled lizards (D:2)
  6 kobolds
  6 rats
151 creatures vanquished.

Vanquished Creatures (others)
  A jelly (D:6)
  5 fungi (D:6)
6 creatures vanquished.

Grand Total: 157 creatures vanquished

Notes
Turn   | Place    | Note
-------+----------+-------------------------------------------
     0 | D:1      | Zeld the Draconian Conjurer began the quest for the Orb.
     0 | D:1      | Reached XP level 1. HP: 14/14 MP: 3/3
   300 | D:1      | Reached XP level 2. HP: 22/22 MP: 0/5
   474 | D:1      | Found a faded altar of an unknown god.
   511 | D:1      | Reached skill level 1 in Fighting
   612 | D:1      | Learned a level 2 spell: Searing Ray
   646 | D:1      | Reached XP level 3. HP: 28/28 MP: 6/6
  1504 | D:2      | Reached skill level 1 in Translocations
  1748 | D:3      | Noticed Robin
  2003 | D:3      | Reached XP level 4. HP: 28/36 MP: 2/7
  2016 | D:2      | Killed Robin
  2671 | D:3      | Reached XP level 5. HP: 41/41 MP: 9/9
  2715 | D:3      | Reached skill level 1 in Hexes
  2721 | D:3      | Learned a level 4 spell: Iskenderun's Mystic Blast
  3277 | D:4      | Noticed an ogre
  3286 | D:4      | Killed an ogre
  3287 | D:4      | Reached XP level 6. HP: 31/50 MP: 5/10
  3296 | D:4      | Learned a level 4 spell: Fulminant Prism
  3642 | D:4      | Noticed Blork the orc
  3654 | D:4      | Killed Blork the orc
  3846 | D:4      | Reached skill level 5 in Conjurations
  3953 | D:5      | Entered Level 5 of the Dungeon
  3956 | D:5      | Noticed an ice beast
  3964 | D:5      | Killed an ice beast
  3965 | D:5      | Your scales start taking on a lurid green colour.
  3965 | D:5      | Reached XP level 7. HP: 57/57 MP: 7/12
  3965 | D:5      | Gained mutation: Your system is resistant to poisons.
                  | (rPois) [Green Draconian growth]
  4833 | D:5      | Found a runed translucent gate.
  4833 | D:5      | Found a runed translucent gate.
  4833 | D:5      | Found a runed translucent gate.
  4834 | D:5      | Noticed osoart's ghost (novice TrTm)
  4966 | D:5      | Found a runed translucent door.
  4967 | D:5      | Noticed Crazy Yiuf
  5035 | D:5      | Noticed Prince Ribbit
  5041 | D:5      | Killed Prince Ribbit
  5042 | D:5      | Reached XP level 8. HP: 67/67 MP: 5/14
  5517 | D:6      | Noticed Eustachio
  5549 | D:6      | Killed Eustachio
  5550 | D:6      | Reached skill level 5 in Fighting
  5973 | D:6      | Reached skill level 5 in Spellcasting
  7002 | D:6      | Reached XP level 9. HP: 63/75 MP: 1/17
  7180 | D:6      | Found a staircase to the Ecumenical Temple.
  7189 | Temple   | Entered the Ecumenical Temple
  7345 | Temple   | Became a worshipper of Ashenzari the Shackled
  7589 | D:6      | Noticed Menkaure
  7594 | D:6      | Killed Menkaure
  7724 | D:6      | Noticed an oklob plant
  7987 | D:5      | Killed Crazy Yiuf
  8578 | D:7      | Identified the +2 robe of the Meadowlark {Will+ Str+2
                  | Dex+4}
  8916 | D:7      | Noticed a two-headed ogre
  8992 | D:7      | HP: 2/79 [two-headed ogre/+0 giant club (20)]
  8994 | D:7      | Demolished by a two-headed ogre

Illustrated notes

Levels and vault maps discovered:
D:1:      nagdon_arrival_zigzag_paths, layout_basic,
          nicolae_ecumenical_snake_handling
D:2:      layout_basic
D:3:      layout_loops_cross, minmay_snake_closets, uniq_robin
D:4:      layout_cave_pools, uniq_blork_the_orc
D:5:      layout_loops_ring, ebering_ghost_rock_garden, uniq_crazy_yiuf_cottage,
          uniq_prince_ribbit1
D:6:      lemuel_slime, layout_loops_cross, lemuel_temple_firewalk_b,
          uniq_eustachio, uniq_menkaure
D:7:      layout_rooms, brannock_xom_greatest_gift
Temple:   kilobyte_greek_temple

Skill      XL: |  1  2  3  4  5  6  7  8  9 |
---------------+----------------------------+-----
Dodging        | 2 3 4 |  4.4
Fighting       | 1 2 3 4 6 7 |  7.1
Stealth        | 2 3 4 |  4.8
Translocations | 1 2 |  2.0
Hexes          | 1 2 |  2.0
Spellcasting   | 3 4 5 6 |  6.2
Conjurations   | 5 6 7 |  7.8

Action                   |  1- 3 |  4- 6 |  7- 9 || total
-------------------------+-------+-------+-------++-------
Melee: Unarmed           |    14 |       |       ||    14
       Tailslap          |     8 |    10 |    17 ||    35
       Mace              |    69 |    99 |   124 ||   292
       Punch             |     1 |       |     2 ||     3
 Cast: Magic Dart        |    21 |       |     1 ||    22
       Searing Ray       |     3 |     5 |    37 ||    45
       Iskenderun's Myst |       |       |    20 ||    20
 Abil: Breathe Noxious F |       |       |     5 ||     5
 Stab: Sleeping          |     3 |     7 |     3 ||    13
       Distracted        |       |     1 |       ||     1
Armor: Skin              |    50 |    36 |   106 ||   192
Dodge: Dodged            |   101 |    80 |   149 ||   330
Block: Other             |       |    30 |    59 ||    89
